 Dungeon Crawl Stone Soup version 0.27-a0-1281-ge233d83751 (webtiles) character file.

Game seed: 13220767896865702437

619 avis the Chopper (level 7, 0/62 HPs)
             Began as a Deep Dwarf Fighter on June 13, 2021.
             Slain by Duvessa (8 damage)
             ... on level 4 of the Dungeon.
             The game lasted 00:36:41 (5437 turns).

avis the Chopper (Deep Dwarf Fighter)               Turns: 5437, Time: 00:36:42

Health: 0/62       AC:  9    Str: 21    XL:     7   Next: 21%
Magic:  3/8        EV: 11    Int:  9    God:
Gold:   199        SH:  0    Dex: 12    Spells: 4/8 levels left

rFire    . . .     SeeInvis .   w - staff of death
rCold    . . .     Faith    .   (no shield)
rNeg     + + .     Spirit   .   s - +2 robe {rN+}
rPois    .         Reflect  .   F - +2 helmet
rElec    .         Harm     .   (no cloak)
rCorr    .         Rampage  .   t - +1 pair of gloves
Will     +....                  (no boots)
Stlth    +.........             (no amulet)
HPRegen  0.00/turn              (no ring)
MPRegen  0.11/turn              (no ring)

@: no status effects
A: damage resistance, heal wounds, sense surroundings 1, no regeneration
a: Heal Wounds


You were on level 4 of the Dungeon.
You visited 1 branch of the dungeon, and saw 4 of its levels.

You collected 199 gold pieces.

Inventory:

Hand Weapons
 a - a +0 war axe
 b - a +2 vorpal hunting sling
 o - a +4 short sword
 q - a +0 hand crossbow
 E - a +1 hunting sling of flaming
Missiles
 e - 138 stones
 f - 27 sling bullets
 g - 36 bolts
 l - 70 arrows
 u - 2 throwing nets
 x - 4 boomerangs
Armour
 c - a +0 kite shield
 h - a +0 scale mail
 s - a +2 robe of positive energy (worn)
 t - a +1 pair of gloves (worn)
 z - a +0 ring mail
 F - a +2 helmet (worn)
Magical Staves
 w - a staff of death (weapon)
 G - a staff of conjuration
Jewellery
 y - an amulet of regeneration
 C - a ring of ice
Scrolls
 k - 2 scrolls of identify {unknown}
 p - a scroll of noise {unknown}
 A - 2 scrolls of blinking {unknown}
 D - a scroll of teleportation {unknown}
Potions
 d - a potion of might
 i - 4 potions of attraction {unknown}
 j - a potion of curing {unknown}
 m - 2 potions of flight {unknown}
 n - a potion of brilliance {unknown}
 r - 2 potions of haste {unknown}
 v - a potion of heal wounds {unknown}
 B - a potion of degeneration {unknown}


   Skills:
 - Level 3.0 Fighting
 * Level 5.6 Axes
 - Level 3.0 Slings
 + Level 3.2 Armour
 - Level 3.2 Shields
 - Level 1.0 Spellcasting
 * Level 5.2 Necromancy


You had 4 spell levels left.
You knew the following spells:

 Your Spells              Type           Power      Damage    Failure   Level
a - Pain                  Necr           56%        1d6       4%          1
d - Vampiric Draining     Necr           7%         2d7       13%         3

Your spell library contained the following spells:

 Spells                   Type           Power      Damage    Failure   Level
 Animate Skeleton         Necr           28%        N/A       4%          1
 Animate Dead             Necr           7%         N/A       38%         4
 Agony                    Necr           14%        N/A       75%         5


Dungeon Overview and Level Annotations

Branches:
Dungeon (4/15)
 Temple: D:4-7

Altars:
Dithmenos
Elyvilon

Annotations:
D:4 Dowan, Duvessa


Innate Abilities, Weirdness & Mutations

You are resistant to damage.
You can heal yourself by infusing magical energy.
You passively map a small area around you.
You do not regenerate.


Message History

Casting: Pain (safe; 4% risk of failure)
Confirm with . or Enter, or press ? or * to list all spells.
Aiming: Vampiric Draining (dangerous; 13% risk of failure)
Press: ? - help, Shift-Dir - straight line, f - Dowan
Aim: Dowan, wielding a +0 dagger and wearing a +0 robe You feel a surge of power!
You draw life force from Dowan.
You feel life coursing into your body. Dowan casts a spell at you.
The puff of frost hits you.
Casting: Vampiric Draining (dangerous; 13% risk of failure)
Confirm with . or Enter, or press ? or * to list all spells.
Aiming: Vampiric Draining (dangerous; 13% risk of failure)
Press: ? - help, Shift-Dir - straight line, f/p - Dowan
Aim: Dowan, wielding a +0 dagger and wearing a +0 robe (moderately wounded)
You feel a surge of power!
You draw life force from Dowan.
You feel life coursing into your body.
Dowan points at Duvessa and mumbles some strange words.
Duvessa seems to speed up.
Duvessa hits you with a +0 short sword of electrocution.
You are electrocuted!
Dowan casts a spell.
Dowan blinks!
There is an open door here.
Duvessa hits you with a +0 short sword of electrocution.
* * * LOW HITPOINT WARNING * * *
Duvessa misses you.
Dowan casts a spell.
Dowan blinks!
Duvessa hits you with a +0 short sword of electrocution.
* * * LOW HITPOINT WARNING * * *
Dowan barely misses you.
Dowan says, "Magic and the sword, together, will defeat you."
Dowan mumbles some strange words.
Dowan blinks!
Dowan mumbles some strange words.
Dowan blinks!
Duvessa hits you with a +0 short sword of electrocution!
* * * LOW HITPOINT WARNING * * *
You are electrocuted!
You die...

..........# * ##..#
..........##### ....#
..........'...# ....#
..........###.## .....
..........# #..# * .....
..........# ##.#############.....
########### #........§.....# ..#
###############.##.....####.##..#
................@e.....'.........
###############.#..§...##....#..#
#.#....e.##########
#........'.........
#........########## #######
#........#...)..... ......#######
#.#......#.######## ............#
#.#.##'###.........
............###.#.##.##..........


You could see Duvessa (fast) and Dowan.

Vanquished Creatures
  Sigmund (D:3)
  Menkaure (D:4)
  A scorpion (D:3)
  A hound (D:4)
  Jessica (D:3)
  An iguana (D:3)
  Terence (D:2)
  Robin (D:4)
  4 adders
  An adder skeleton (D:4)
  6 dart slugs
  4 orcs
  9 bats
  5 endoplasms
  7 giant cockroaches
  17 goblins
  11 hobgoblins
  8 jackals
  4 quokkas
  5 ball pythons
  3 frilled lizards
  6 kobolds
  5 rats
103 creatures vanquished.

Notes
Turn   | Place    | Note
-------+----------+-------------------------------------------
     0 | D:1      | avis the Deep Dwarf Fighter began the quest for the Orb.
     0 | D:1      | Reached XP level 1. HP: 20/20 MP: 1/1
    60 | D:1      | Reached XP level 2. HP: 24/27 MP: 2/2
   666 | D:1      | Reached XP level 3. HP: 26/34 MP: 3/3
  1134 | D:2      | Found a shadowy altar of Dithmenos.
  1157 | D:2      | Reached skill level 1 in Slings
  1214 | D:2      | Learned a level 1 spell: Pain
  1602 | D:2      | Reached XP level 4. HP: 30/42 MP: 4/4
  1892 | D:2      | Reached skill level 1 in Necromancy
  2637 | D:3      | Noticed Terence
  2676 | D:3      | Noticed a scorpion
  2689 | D:3      | Killed a scorpion
  2690 | D:3      | Reached skill level 1 in Spellcasting
  2690 | D:3      | Reached XP level 5. HP: 10/49 MP: 4/6
  2783 | D:3      | Learned a level 3 spell: Vampiric Draining
  2875 | D:3      | Found a white marble altar of Elyvilon.
  2999 | D:3      | Noticed Sigmund
  3010 | D:3      | Killed Sigmund
  3011 | D:3      | Reached skill level 5 in Axes
  3011 | D:3      | Reached XP level 6. HP: 36/56 MP: 0/7
  3390 | D:3      | Noticed Jessica
  3430 | D:2      | Killed Terence
  3486 | D:3      | Killed Jessica
  4030 | D:4      | Noticed Robin
  4079 | D:4      | Killed Robin
  4692 | D:4      | Noticed Duvessa
  5087 | D:4      | Noticed Menkaure
  5130 | D:4      | Killed Menkaure
  5131 | D:4      | Reached skill level 5 in Necromancy
  5131 | D:4      | Reached XP level 7. HP: 27/62 MP: 8/8
  5422 | D:4      | Noticed Dowan
  5437 | D:4      | Slain by Duvessa

Illustrated notes

Levels and vault maps discovered:
D:1:      dpeg_arrival_simpleton_a, layout_basic
D:2:      layout_basic, basic_altar, lightli_corner_chamber
D:3:      layout_rooms, general_overflow_altar, minmay_misc_feat_x,
          minmay_fractal_squares_5, uniq_terence, uniq_sigmund, uniq_jessica
D:4:      layout_basic, uniq_duvessa, uniq_robin, uniq_menkaure

Skill      XL: |  1  2  3  4  5  6 |
---------------+-------------------+-----
Axes           | 3 4 5 |  5.6
Fighting       | 3 |  3.0
Slings         | 1 2 3 |  3.0
Necromancy     | 2 3 5 |  5.2
Spellcasting   | 1 |  1.0
Armour         | |  3.2
Shields        | |  3.2

Action                   |  1- 3 |  4- 6 |  7- 9 || total
-------------------------+-------+-------+-------++-------
Melee: War axe           |    78 |    78 |       ||   156
 Fire: Hunting sling     |    29 |    44 |       ||    73
 Cast: Pain              |     8 |    33 |       ||    41
       Vampiric Draining |       |    25 |     2 ||    27
 Abil: Heal Wounds       |       |     1 |       ||     1
Armor: Scale mail        |    41 |     1 |       ||    42
       Robe              |     6 |    48 |       ||    54
Dodge: Dodged            |    33 |    79 |     2 ||   114
Block: Kite shield       |    45 |     2 |       ||    47

Table legend: (Time is in decaauts)
 A = Elapsed time spent in this place.
 B = Non-inter-level travel time spent in this place.
 C = Inter-level travel time spent in this place.
 D = Time resting spent in this place.
 E = Time spent auto-exploring this place.
 F = Levels seen in this place.
 G = Mean time per level.
                   A        B        C        D        E       F      G
               +--------+--------+--------+--------+--------+-----+--------+
         Total |   5480 |   5176 |    304 |    939 |   2808 |   4 | 1370.0 |
       Dungeon |   5480 |   5176 |    304 |    939 |   2808 |   4 | 1370.0 |
               +--------+--------+--------+--------+--------+-----+--------+

Top non-repeatable levels by time:
     D:4: 1806 daAuts
     D:2: 1396 daAuts
     D:3: 1142 daAuts
     D:1: 1135 daAuts
